 Dungeon Crawl Stone Soup version 0.27.1 (webtiles) character file.

Game seed: 48165931410110507

1582 speeev33 the Cleaver (level 8, -1/75 HPs)
             Began as a Hill Orc Fighter on Aug 28, 2021.
             Was an Initiate of Ashenzari.
             Slain by a vampire mosquito (8 damage)
             ... on level 6 of the Dungeon.
             The game lasted 00:11:23 (5917 turns).

speeev33 the Cleaver (Hill Orc Fighter)             Turns: 5917, Time: 00:11:23

Health: -1/75      AC: 11    Str: 21    XL:     8   Next: 92%
Magic:  8/8        EV:  6    Int:  8    God:    Ashenzari [......]
Gold:   234        SH: 11    Dex: 10    Spells: 7/7 levels left

rFire    . . .     SeeInvis .   a - +0 war axe
rCold    . . .     Faith    .   c - +0 kite shield
rNeg     . . .     Spirit   .   v - +0 chain mail
rPois    .         Reflect  .   g - +0 helmet
rElec    .         Harm     .   (no cloak)
rCorr    .         Rampage  .   (no gloves)
Will     .....                  d - +0 pair of boots "Circumscribed Together" {Melee, Fort} (curse)
Stlth    ..........             (no amulet)
HPRegen  0.22/turn              (no ring)
MPRegen  0.11/turn              (no ring)

@: no status effects
A: no striking features
a: Renounce Religion, Shatter the Chains


You were on level 6 of the Dungeon.
You worshipped Ashenzari.
Ashenzari was noncommittal.
You visited 1 branch of the dungeon, and saw 6 of its levels.
You also visited: Sewer.

You collected 234 gold pieces.

Inventory:

Hand Weapons
 a - a +0 war axe (weapon)
Missiles
 m - 29 poisoned darts (quivered)
Armour
 c - a +0 kite shield (worn)
 d - the cursed +0 pair of boots "Circumscribed Together" (worn) {Melee, Fort}
   (You found it on level 5 of the Dungeon)

   It has a curse which improves the following skills: Melee Combat: Short
   Blades, Long Blades, Axes, Maces & Flails, Polearms, Staves and Unarmed
   Combat.
   Fortitude: Armour and Shields.
 g - a +0 helmet (worn)
 v - a +0 chain mail (worn)
Jewellery
 x - an amulet of magic regeneration
Wands
 b - a wand of acid (6)
 l - a wand of charming (11)
 r - a wand of iceblast (2)
Scrolls
 f - a scroll of fear
 i - a scroll of holy word
 k - a scroll of fog
 o - a scroll of magic mapping
 w - a scroll of amnesia
Potions
 e - 4 potions of curing
 h - 3 potions of heal wounds
 j - a potion of mutation
 n - a potion of brilliance
 p - 2 potions of haste
 q - a potion of flight
 s - a potion of berserk rage
 t - 2 potions of invisibility
 u - a potion of resistance


   Skills:
 + Level 8.3 Fighting
 + Level 8.7(9.2) Axes
 - Level 3.2(3.7) Armour
 + Level 7.6(8.1) Shields


You had 7 spell levels left.
You didn't know any spells.
Your spell library contained the following spells:

 Spells                   Type           Power      Damage    Failure   Level
 Beastly Appendage        Tmut           0%         N/A       100%        1
 Wereblood                Tmut           0%         N/A       100%        2
 Inner Flame              Hex/Fire       0%         N/A       100%        3
 Spider Form              Tmut/Pois      0%         N/A       100%        3
 Cause Fear               Hex            0%         N/A       100%        4
 Discord                  Hex            0%         N/A       100%        8


Dungeon Overview and Level Annotations

Branches:
Dungeon (6/15)              Sewer (visited)
 Temple: D:4-7

Altars:
Ashenzari


Message History

The ice beast hits you but does no damage.
Something hits you. Something shocks you.
You barely miss something.
Your chain mail prevents you from hitting the vampire mosquito.
You hit the ice beast but do no damage.
You block the vampire mosquito's attack.
You block the ice beast's attack. Something hits you but does no damage.
The vampire mosquito barely misses you.
You miss something. You barely miss the vampire mosquito.
You hit the ice beast.
You block the vampire mosquito's attack.
A vampire mosquito comes into view.
The ice beast hits you. The ice beast freezes you!
The vampire mosquito barely misses you. Something hits you but does no damage.
You miss something. You hit the ice beast.
You closely miss the vampire mosquito. The vampire mosquito bites you.
The vampire mosquito draws strength from your injuries!
The ice beast hits you but does no damage.
The vampire mosquito bites you.
* * * LOW HITPOINT WARNING * * *
The vampire mosquito draws strength from your injuries!
Something hits you but does no damage.
You miss the vampire mosquito. You closely miss something.
You hit the ice beast but do no damage.
You block the vampire mosquito's attack.
The ice beast hits you but does no damage.
The vampire mosquito bites you.
* * * LOW HITPOINT WARNING * * *
The vampire mosquito draws strength from your injuries!
Something hits you but does no damage.
You barely miss the vampire mosquito. You completely miss the ice beast.
You miss something.
The vampire mosquito bites you but does no damage.
The ice beast hits you.
* * * LOW HITPOINT WARNING * * *
The ice beast freezes you!
* * * LOW HITPOINT WARNING * * *
You block the vampire mosquito's attack.
The vampire mosquito bites you!
You die...

......#.# ..
##....#.#...
#.......#.$.
#...<.......
##....).#..#
###.......#
#.....).#...#
#.#..yy{#.....
.. ####@##
.... .
#.Y...#.<.
...........
#<#..#....|##
# ### .....#
....## ....#
...##


You could see 2 vampire mosquitoes and an ice beast.

Vanquished Creatures
  Grinder (D:5)
  A sky beast (D:5)
  A black bear (D:6)
  A phantom (D:4)
  2 bullfrogs (Sewer)
  A water moccasin zombie (D:5)
  2 scorpions
  2 water moccasin skeletons (D:5)
  2 howler monkeys
  A bullfrog zombie (D:5)
  A centaur zombie (D:5)
  3 hounds
  3 orc priests (D:4)
  A bullfrog skeleton (D:5)
  A jelly (D:4)
  Ijyb (D:5)
  4 iguanas
  An orc wizard (D:4)
  A scorpion zombie (D:5)
  Terence (D:2)
  A gnoll (D:1)
  2 river rats (D:4)
  4 adders
  2 worms
  2 dart slugs
  10 orcs (D:4)
  6 ball pythons
  2 endoplasms
  10 giant cockroaches
  8 goblins
  7 hobgoblins
  2 jackals (D:5)
  5 kobolds
  7 quokkas
  7 bats
  10 frilled lizards
  12 rats
128 creatures vanquished.

Notes
Turn   | Place    | Note
-------+----------+-------------------------------------------
     0 | D:1      | speeev33 the Hill Orc Fighter began the quest for the Orb.
     0 | D:1      | Reached XP level 1. HP: 19/19 MP: 1/1
   137 | D:1      | Reached XP level 2. HP: 10/27 MP: 2/2
   453 | D:1      | Reached XP level 3. HP: 29/33 MP: 3/3
   978 | D:2      | Noticed Terence
   983 | D:2      | Killed Terence
  1028 | D:2      | Reached XP level 4. HP: 40/41 MP: 4/4
  1806 | D:3      | Reached XP level 5. HP: 37/47 MP: 5/5
  2109 | D:3      | Found a faded altar of an unknown god.
  2130 | D:3      | Became a worshipper of Ashenzari the Shackled
  2644 | D:4      | Found a glowing drain.
  2646 | D:4      | Reached skill level 5 in Fighting
  2664 | Sewer    | Entered a sewer
  2966 | Sewer    | Reached skill level 5 in Axes
  2966 | Sewer    | Reached XP level 6. HP: 43/56 MP: 6/6
  3043 | Sewer    | Reached skill level 5 in Shields
  3636 | D:4      | Reached XP level 7. HP: 25/63 MP: 7/7
  4450 | D:5      | Entered Level 5 of the Dungeon
  4564 | D:5      | Reached XP level 8. HP: 63/73 MP: 8/8
  4684 | D:5      | Noticed Grinder
  4704 | D:5      | Killed Grinder
  4846 | D:5      | Noticed Ijyb
  4854 | D:5      | Killed Ijyb
  5917 | D:6      | Slain by a vampire mosquito

Illustrated notes

Levels and vault maps discovered:
D:1:      tarquinn_simple_flora_water_e, layout_basic, minmay_misc_feat_x,
          hangedman_decor_peaks_small
D:2:      layout_loops_ring, uniq_terence
D:3:      layout_loops_ring, ebering_ecumenical_altar_mist
D:4:      layout_basic, portal_sewer_entry_c, chequers_serial_rivers_marsh,
          hex_tiny
D:5:      layout_loops_corners, supply_closet_lemuel, uniq_ijyb, uniq_grinder
D:6:      corexii_shantytown, layout_cave_pools,
          minmay_temple_entry_gardened_gates, minmay_misc_feat_cross,
          nicolae_shop_overcharged_wands

Skill      XL: |  1  2  3  4  5  6  7  8 |
---------------+-------------------------+-----
Fighting       | 4 5 6 7 8 |  8.3
Axes           | 3 4 5 7 8 |  8.7
Shields        | 4 5 6 7 |  7.6
Armour         | |  3.2

Action                   |  1- 3 |  4- 6 |  7- 9 || total
-------------------------+-------+-------+-------++-------
Melee: War axe           |    79 |   219 |   156 ||   454
Invok: Curse Item        |       |       |     2 ||     2
       Shatter the Chain |       |       |     1 ||     1
  Use: Scroll            |       |     7 |       ||     7
       Potion            |       |       |     1 ||     1
Armor: Scale mail        |    43 |   132 |    15 ||   190
       Chain mail        |       |       |    70 ||    70
Dodge: Dodged            |    34 |    67 |    41 ||   142
Block: Kite shield       |    47 |   124 |   100 ||   271
